 Dungeon Crawl Stone Soup version 0.26.1-11-gd32895ea62 (webtiles) character file.

Game seed: 8970598577160611562

72 Almogavar the Skirmisher (level 4, -11/40 HPs)
             Began as a Hill Orc Fighter on May 25, 2021.
             Blown up by Ijyb (20 damage)
             ... with a disintegration bolt
             ... on level 3 of the Dungeon.
             The game lasted 00:02:53 (1755 turns).

Almogavar the Skirmisher (Hill Orc Fighter)         Turns: 1755, Time: 00:02:53

Health: -11/40     AC:  7    Str: 19    XL:     4   Next: 25%
Magic:  4/4        EV:  7    Int:  8    God:
Gold:   99         SH:  9    Dex: 10    Spells: 3/3 levels left

rFire    . . .     SeeInvis .   a - +0 war axe
rCold    . . .     Faith    .   c - +0 kite shield
rNeg     . . .     Spirit   .   b - +0 scale mail
rPois    .         Reflect  .   (no helmet)
rElec    .         Harm     .   (no cloak)
rCorr    .         Rampage  .   (no gloves)
Will     .....                  (no boots)
Stlth    ..........             (no amulet)
HPRegen  0.13/turn              (no ring)
MPRegen  0.09/turn              (no ring)

@: no status effects
A: no striking features
a: no special abilities


You were on level 3 of the Dungeon.
You visited 1 branch of the dungeon, and saw 3 of its levels.

You collected 99 gold pieces.

Inventory:

Hand Weapons
 a - a +0 war axe (weapon)
Missiles
 h - 28 poisoned darts (quivered)
Armour
 b - a +0 scale mail (worn)
 c - a +0 kite shield (worn)
 k - a +0 chain mail
Scrolls
 e - a scroll of remove curse
 f - a scroll of fog
 g - a scroll of random uselessness {unknown}
 i - a scroll of enchant armour {unknown}
 l - a scroll of magic mapping {unknown}
 n - a scroll of noise {unknown}
 p - 2 scrolls of amnesia
Potions
 d - 5 potions of might
 j - a potion of flight
 m - 3 potions of attraction {unknown}
 o - 3 potions of curing {unknown}


   Skills:
 + Level 4.3 Fighting
 + Level 3.7 Axes
 + Level 4.0 Armour
 + Level 0.1 Dodging
 + Level 3.8 Shields


You had 3 spell levels left.
You didn't know any spells.
Your spell library was empty.

Dungeon Overview and Level Annotations

Branches:
Dungeon (3/15)

Altars:
Ashenzari
Sif Muna
Wu Jian

Annotations:
D:3 Ijyb


Message History

Ijyb is moderately wounded.
You block Ijyb's attack. Ijyb hits you with a +0 dagger.
You hit Ijyb but do no damage.
Ijyb is moderately wounded.
You block Ijyb's attack.
You hit Ijyb but do no damage.
Ijyb is moderately wounded.
Ijyb hits you but does no damage.
Ijyb zaps a wand.
You are blasted!
* * * LOW HITPOINT WARNING * * *
You hit Ijyb.
Ijyb is moderately wounded.
You block Ijyb's attack.
You barely miss Ijyb.
Ijyb is moderately wounded.
Ijyb barely misses you.
You barely miss Ijyb.
Ijyb is moderately wounded.
Ijyb zaps a wand.
You are blasted!
Ouch! That really hurt!
You die...

#.##.#.## #.......#
#.##.##.# #.##.##.#
########.##.##.#
#...<.#........#
#.....#........##
#..........g#......(
#.....#.##.@#>###...
#.....#..<....# ##
##########....#
#..#.# #....# #.#..#
#.#..# #....# ###.##


You could see Ijyb.

Vanquished Creatures
  3 adders (D:2)
  2 oozes (D:1)
  A worm (D:2)
  4 dart slugs
  2 leopard geckos
  3 goblins
  3 hobgoblins
  4 bats
  A frilled lizard (D:2)
  A kobold (D:2)
  4 rats
28 creatures vanquished.

Notes
Turn   | Place    | Note
-------+----------+-------------------------------------------
     0 | D:1      | Almogavar the Hill Orc Fighter began the quest for the Orb.
     0 | D:1      | Reached XP level 1. HP: 19/19 MP: 1/1
    86 | D:1      | Reached XP level 2. HP: 27/27 MP: 2/2
   368 | D:1      | Reached XP level 3. HP: 33/33 MP: 3/3
   759 | D:2      | Found a broken altar of Ashenzari.
   761 | D:2      | Found an ornate altar of the Wu Jian Council.
   761 | D:2      | Found a shimmering blue altar of Sif Muna.
   964 | D:2      | Reached XP level 4. HP: 35/40 MP: 4/4
  1495 | D:3      | Noticed Ijyb
  1755 | D:3      | Blown up by Ijyb

Illustrated notes

Levels and vault maps discovered:
D:1:      erik_arrival_blinker_ship, layout_rooms
D:2:      minmay_skewed_foursquare, layout_rooms,
          chequers_temple_overflow_statue_of_worship
D:3:      layout_loops_cross, kennysheep_slug_shrine,
          gammafunk_temple_overflow_elements, uniq_ijyb, uniq_grinder

Skill      XL: |  1  2  3  4 |
---------------+-------------+-----
Fighting       | 4 |  4.3
Axes           | 3 |  3.7
Armour         | 4 |  4.0
Dodging        | |  0.1
Shields        | |  3.8

Action                   |  1- 3 |  4- 6 || total
-------------------------+-------+-------++-------
Melee: War axe           |    79 |    18 ||    97
  Use: Scroll            |       |     4 ||     4
Armor: Scale mail        |    31 |     8 ||    39
Dodge: Dodged            |    27 |     7 ||    34
Block: Kite shield       |    51 |     6 ||    57
